 Dungeon Crawl Stone Soup version 0.25-a0-488-g03579ab4a3 (webtiles) character file.

Game seed: 1401443076171215016, levelgen mode: deterministic

231 Error4North the Skirmisher (level 6, -6/55 HPs)
             Began as a Hill Orc Fighter on Feb 11, 2020.
             Was an Initiate of Okawaru.
             Mangled by an ogre
             ... wielding a +0 giant club
              (9 damage)
             ... on level 4 of the Dungeon.
             The game lasted 00:09:10 (2921 turns).

Error4North the Skirmisher (Hill Orc Fighter)       Turns: 2921, Time: 00:09:11

Health: -6/55      AC: 14    Str: 20    XL:     6   Next: 3%
Magic:  6/6        EV:  4    Int:  9    God:    Okawaru [......]
Gold:   96         SH:  9    Dex: 10    Spells: 5/5 levels left

rFire    . . .     SeeInvis .   a - +0 war axe
rCold    . . .     Gourm    .   c - +0 kite shield
rNeg     . . .     Faith    .   u - +0 plate armour (curse)
rPois    .         Spirit   .   (no helmet)
rElec    .         Reflect  .   h - +0 cloak
rCorr    .         Harm     .   (no gloves)
MR       .....                  s - +0 pair of boots
Stlth    ..........             (no amulet)
HPRegen  0.18/turn              (no ring)
MPRegen  0.10/turn              (no ring)

@: no status effects
A: no striking features
a: Renounce Religion


You were on level 4 of the Dungeon.
You worshipped Okawaru.
Okawaru was noncommittal.
You were not hungry.

You visited 2 branches of the dungeon, and saw 5 of its levels.

You collected 96 gold pieces.

Inventory:

Hand Weapons
 a - a +0 war axe (weapon)
Missiles
 n - 3 boomerangs (quivered)
Armour
 c - a +0 kite shield (worn)
 h - a +0 cloak (worn)
 s - a +0 pair of boots (worn)
 u - a cursed +0 plate armour (worn)
Jewellery
 i - an uncursed ring of magical power {unknown}
 j - an uncursed ring of poison resistance {unknown}
 o - an uncursed ring of protection from cold {unknown}
Scrolls
 b - a scroll of fog {unknown}
 e - a scroll of remove curse {unknown}
 k - 2 scrolls of identify {unknown}
 l - a scroll of fear {unknown}
 m - 2 scrolls of noise {unknown}
 p - a scroll of amnesia {unknown}
 r - 2 scrolls of teleportation {unknown}
Potions
 d - a potion of might
 g - a potion of cancellation {unknown}
 q - a potion of brilliance {unknown}
Comestibles
 f - 5 rations


   Skills:
 * Level 4.9 Fighting
 + Level 4.2 Axes
 * Level 4.5 Armour
 + Level 0.5 Dodging
 * Level 4.6 Shields


You had 5 spell levels left.
You didn't know any spells.
Your spell library was empty.

Dungeon Overview and Level Annotations

Branches:
Dungeon (4/15)             Temple (1/1) D:4

Altars:
Ashenzari
Elyvilon
Fedhas
Gozag
Hepliaklqana
Kikubaaqudgha
Okawaru
Qazlal
Ru
Sif Muna
Trog
Wu Jian
Yredelemnul
Zin
The Shining One


Message History

The ogre is lightly wounded.
The ogre hits you with a +0 giant club!!
You slash the ogre!
The ogre is heavily wounded.
The ogre hits you with a +0 giant club!
You hit the ogre.
The ogre is severely wounded.
The ogre barely misses you. x2
You closely miss the ogre.
The ogre is heavily wounded.
The ogre hits you with a +0 giant club!
* * * LOW HITPOINT WARNING * * *
You slash the ogre!
The ogre is almost dead.
The ogre hits you with a +0 giant club.
* * * LOW HITPOINT WARNING * * *
You hit the ogre.
The ogre is almost dead.
The ogre hits you with a +0 giant club!
You die...

#....#≈.>≈'≈≈..# ##
##########+...#≈≈≈≈#....# ..
..............≈≈##≈#≈...# .#
................≈≈≈≈....##.#
...............≈≈≈...≈...#.#
...............).≈.....#.#.#
.............).....'.......# #
...............)...######.###.#
................@O............#
................##########'####
................# .........#
############....# .........#
#.........# .........##
#.........# ..........# .#
#.........# #########.# .#
#.........# #.# .# #.........##
#.##.#


You could see an ogre.

Vanquished Creatures
  Jessica (D:2)
  A worker ant (D:4)
  6 gnolls
  3 adders
  2 worms (D:3)
  A dart slug (D:1)
  3 leopard geckos
  4 orcs (D:3)
  2 ball pythons
  5 bats
  4 giant cockroaches
  13 goblins
  6 hobgoblins
  10 jackals (D:1)
  8 kobolds
  A quokka (D:3)
  6 frilled lizards
  5 rats
81 creatures vanquished.

Notes
Turn   | Place    | Note
-------+----------+-------------------------------------------
     0 | D:1      | Error4North the Hill Orc Fighter began the quest for the
                  | Orb.
     0 | D:1      | Reached XP level 1. HP: 19/19 MP: 1/1
   197 | D:1      | Reached XP level 2. HP: 27/27 MP: 2/2
   269 | D:1      | Reached XP level 3. HP: 33/33 MP: 3/3
   960 | D:2      | Noticed Jessica
   973 | D:2      | Killed Jessica
   973 | D:2      | Reached XP level 4. HP: 38/40 MP: 4/4
  1167 | D:2      | You fall into a shaft and drop 1 floor!
  1411 | D:2      | Reached XP level 5. HP: 39/47 MP: 5/5
  1428 | D:2      | Found a bloodstained altar of Trog.
  1480 | D:2      | Found a blossoming altar of Fedhas.
  1525 | D:3      | Found a shimmering blue altar of Sif Muna.
  1556 | D:3      | Found an opulent altar of Gozag.
  1594 | D:3      | Found a faded altar of an unknown god.
  1943 | D:3      | Found a hazy altar of Hepliaklqana.
  2545 | D:4      | Found a stormy altar of Qazlal.
  2573 | D:4      | Noticed an ogre
  2610 | D:4      | Found a staircase to the Ecumenical Temple.
  2619 | D:4      | Reached XP level 6. HP: 55/55 MP: 6/6
  2627 | Temple   | Entered the Ecumenical Temple
  2870 | Temple   | Became a worshipper of Warmaster Okawaru
  2921 | D:4      | Mangled by an ogre

Levels and vault maps discovered:
D:1:      sevenhm_arrival_forest_fort_large_4, layout_basic
D:2:      layout_rooms, lemuel_coloured_pillars_altar, lemuel_round_altar,
          uniq_jessica
D:3:      layout_basic, nicolae_gozag_seed_capital, old_standard_altar,
          old_standard_altar, chequers_ecumenical_altar_simple_redux
D:4:      layout_basic, nicolae_qazlal_general_emergency,
          minmay_temple_entry_mist, first_ration, feat_on_display,
          uniq_blork_the_orc
Temple:   jpeg_temple_island

Skill      XL: |  1  2  3  4  5 |
---------------+----------------+-----
Fighting       | 4 |  4.9
Axes           | 3 4 |  4.2
Armour         | 4 |  4.5
Shields        | 4 |  4.6
Dodging        | |  0.5

Action                   |  1- 3 |  4- 6 || total
-------------------------+-------+-------++-------
Melee: War axe           |   109 |   140 ||   249
  Eat: Chunk             |       |     4 ||     4
       Ration            |       |     1 ||     1
Armor: Scale mail        |    69 |    60 ||   129
       Plate armour      |       |     9 ||     9
Dodge: Dodged            |    35 |    49 ||    84
Block: Kite shield       |    83 |    74 ||   157

Table legend:
 A = Non-vault XP
 B = Vault XP
 C = Vault XP percentage of total XP
 D = Non-vault monster count
 E = Vault monster count
 F = Vault count percentage of total count
                 A         B        C        D         E       F
            +---------+---------+-------+---------+---------+-------
      Total |     293 |      37 |  11.2 |      80 |       1 |   1.2
            +---------+---------+-------+---------+---------+-------
        D:1 |      65 |       0 |   0.0 |      33 |       0 |   0.0
        D:2 |      87 |      37 |  29.8 |      18 |       1 |   5.3
        D:3 |      65 |       0 |   0.0 |      24 |       0 |   0.0
        D:4 |      76 |       0 |   0.0 |       5 |       0 |   0.0
            +---------+---------+-------+---------+---------+-------
